 Dungeon Crawl Stone Soup version 0.31.0-2-g5a2aebc5c2 (webtiles) character file.

Game seed: 13151118921095735487

133 Sabo the Ducker (level 5, -10/47 HPs)
             Began as a Gnoll Monk on Jan 21, 2024.
             Mangled by an ogre
             ... wielding a +0 giant spiked club
              (15 damage)
             ... on level 5 of the Dungeon.
             The game lasted 00:17:56 (3247 turns).

Sabo the Ducker (Gnoll Monk)                        Turns: 3247, Time: 00:17:57

Health: -10/47     AC: 11    Str: 13    XL:     5   Next: 16%
Magic:  7/7        EV:  4    Int:  9    God:
Gold:   221        SH:  0    Dex: 14    Spells: 6/6 levels left

rFire   . . .        a - +0 hand axe
rCold   + . .        d - orb {light}
rNeg    . . .        k - +0 plate armour
rPois   .            (no helmet)
rElec   .            h - +0 cloak
rCorr   .            (no gloves)
SInv    .            (no boots)
Will    .....        (no amulet) Stlth
                     b - ring of protection from cold
HPRegen 0.27/turn    (no ring)
MPRegen 0.10/turn

%: no passive effects
@: glowing
A: fangs 1, strong nose, distributed training
a: no special abilities


You were on level 5 of the Dungeon.
You visited 1 branch of the dungeon, and saw 5 of its levels.

You collected 221 gold pieces.

Inventory:

Hand Weapons
 a - a +0 hand axe (weapon)
 e - a +0 sling
Missiles
 m - 2 throwing nets (quivered)
 r - 2 boomerangs
Armour
 d - an orb of light (worn)
 h - a +0 cloak (worn)
 j - a +0 chain mail
 k - a +0 plate armour (worn)
Jewellery
 b - a ring of protection from cold (left hand)
 n - a ring of fire
Wands
 f - a wand of light (13)
Scrolls
 p - a scroll of teleportation
Potions
 c - 2 potions of ambrosia
 g - a potion of magic {unknown}
 i - 4 potions of curing {unknown}
 l - a potion of brilliance {unknown}
 o - a potion of mutation {unknown}
 q - a potion of heal wounds {unknown}
 s - a potion of invisibility {unknown}


   Skills:
 + Level 6.7 Fighting
 + Level 1.4 Short Blades
 + Level 1.4 Long Blades
 + Level 6.7 Axes
 + Level 1.4 Maces & Flails
 + Level 1.4 Polearms
 + Level 1.4 Staves
 + Level 1.4 Ranged Weapons
 + Level 1.4 Throwing
 + Level 1.4 Armour
 + Level 6.7 Dodging
 + Level 1.4 Stealth
 + Level 1.4 Shields
 + Level 1.4 Unarmed Combat
 + Level 1.4 Spellcasting
 + Level 1.1 Conjurations
 + Level 1.1 Hexes
 + Level 1.1 Summonings
 + Level 1.1 Necromancy
 + Level 1.1 Translocations
 + Level 1.1 Fire Magic
 + Level 1.1 Ice Magic
 + Level 1.1 Air Magic
 + Level 1.1 Earth Magic
 + Level 1.1 Alchemy
 + Level 1.6 Invocations
 + Level 1.4 Evocations
 + Level 1.3 Shapeshifting


You had 6 spell levels left.
You didn't know any spells.
Your spell library contained the following spells:

 Spells                   Type           Power      Damage    Failure   Level
 Cigotuvi's Dreadful Rot  Necr/Alch/Air  4%         N/A       100%        2
 Ignite Poison            Fire/Alch      2%         N/A       100%        4
 Freezing Cloud           Conj/Ice/Air   1%         6-21      100%        5


Dungeon Overview and Level Annotations

Branches:
Dungeon (5/15)
 Temple: D:4-7

Altars:
Cheibriados
Fedhas
Hepliaklqana
Nemelex Xobeh
Qazlal
Ru
Wu Jian
Xom
The Shining One

Shops:
D:1 (   D:3 :[(


Innate Abilities, Weirdness & Mutations

You have very sharp teeth.
Your uncanny sense of smell can sniff out nearby items.
Your experience applies equally to all skills.


Message History

You bite the white imp, but do no damage.
The white imp is heavily wounded.
The white imp hits you. The white imp freezes you. You resist.
You hit the white imp.
The white imp is almost dead.
The white imp gestures at you. The puff of frost hits you. You resist.
You barely miss the white imp.
The white imp is almost dead.
The white imp hits you but does no damage.
You hit the white imp but do no damage.
The white imp is almost dead.
The white imp hits you but does no damage.
You barely miss the white imp.
The white imp is almost dead.
The white imp hits you but does no damage.
You hit the white imp.
You kill the white imp!
Found a cyan potion.
You start resting.
HP restored.
o - a cyan potion An ogre comes into view.
It is wielding a +0 giant spiked club.
The ogre hits you with a +0 giant spiked club!
You hit the ogre.
The ogre is lightly wounded.
The ogre closely misses you.
You hit the ogre.
The ogre is lightly wounded.
The ogre hits you with a +0 giant spiked club!!
You hit the ogre.
The ogre is moderately wounded.
You hit the ogre. You bite the ogre.
The ogre is moderately wounded.
The ogre hits you with a +0 giant spiked club!
* * * LOW HITPOINT WARNING * * *
You slash the ogre!
The ogre is severely wounded.
The ogre hits you with a +0 giant spiked club!
You die...

.....).................##
#######........<...#...#
####..####..######
#.....#..## #........#
#..###....# ...# ##...##
...# #...O###..# ....
##.@.....# ### ####...##
..## ..# .# .#


You could see an ogre.

Vanquished Creatures
  A hound (D:4)
  2 adders
  A white imp (D:5)
  3 dart slugs (D:2)
  2 ribbon worms
  An orc (D:5)
  7 endoplasms
  4 giant cockroaches (D:1)
  4 goblins
  8 hobgoblins
  6 jackals
  A kobold (D:3)
  4 quokkas
  5 ball pythons
  4 bats
  2 frilled lizards
  8 rats
63 creatures vanquished.

Notes
Turn   | Place    | Note
-------+----------+-------------------------------------------
     0 | D:1      | Sabo the Gnoll Monk began the quest for the Orb.
     0 | D:1      | Reached XP level 1. HP: 23/23 MP: 1/1
   117 | D:1      | Found Hochur's Weapon Boutique.
   122 | D:1      | Reached XP level 2. HP: 29/29 MP: 2/2
   319 | D:1      | Found a faded altar of an unknown god.
   875 | D:2      | Reached XP level 3. HP: 34/35 MP: 3/3
   986 | D:2      | Reached skill level 1 in Invocations
  1153 | D:2      | Reached skill level 1 in Short Blades
  1153 | D:2      | Reached skill level 1 in Long Blades
  1153 | D:2      | Reached skill level 1 in Maces & Flails
  1153 | D:2      | Reached skill level 1 in Polearms
  1153 | D:2      | Reached skill level 1 in Staves
  1153 | D:2      | Reached skill level 1 in Ranged Weapons
  1153 | D:2      | Reached skill level 1 in Throwing
  1153 | D:2      | Reached skill level 1 in Armour
  1153 | D:2      | Reached skill level 1 in Stealth
  1153 | D:2      | Reached skill level 1 in Shields
  1153 | D:2      | Reached skill level 1 in Unarmed Combat
  1153 | D:2      | Reached skill level 1 in Spellcasting
  1153 | D:2      | Reached skill level 1 in Evocations
  1322 | D:2      | Reached skill level 1 in Shapeshifting
  1322 | D:2      | Reached XP level 4. HP: 39/41 MP: 5/5
  1369 | D:2      | Found a sparkling altar of Nemelex Xobeh.
  1523 | D:3      | Noticed a +0 demon blade
  1523 | D:3      | Found Zyn Tocis's Weapon Shoppe.
  1539 | D:3      | Noticed a +0 executioner's axe
  1614 | D:3      | Found a stormy altar of Qazlal.
  1636 | D:3      | Found Ocwoasku's Armour Shoppe.
  1878 | D:3      | Found a blossoming altar of Fedhas.
  1890 | D:3      | Found a shimmering altar of Xom.
  2046 | D:3      | Reached skill level 1 in Conjurations
  2046 | D:3      | Reached skill level 1 in Hexes
  2046 | D:3      | Reached skill level 1 in Summonings
  2046 | D:3      | Reached skill level 1 in Necromancy
  2046 | D:3      | Reached skill level 1 in Translocations
  2046 | D:3      | Reached skill level 1 in Fire Magic
  2046 | D:3      | Reached skill level 1 in Ice Magic
  2046 | D:3      | Reached skill level 1 in Air Magic
  2046 | D:3      | Reached skill level 1 in Earth Magic
  2046 | D:3      | Reached skill level 1 in Alchemy
  2092 | D:3      | Found Kaercheo's Book Emporium.
  2485 | D:4      | Found a sacrificial altar of Ru.
  2486 | D:4      | Found a hazy altar of Hepliaklqana.
  2533 | D:4      | Found an ornate altar of the Wu Jian Council.
  2535 | D:4      | Found a glowing golden altar of the Shining One.
  2856 | D:4      | Found a snail-covered altar of Cheibriados.
  3094 | D:5      | Entered Level 5 of the Dungeon
  3132 | D:5      | Reached XP level 5. HP: 47/47 MP: 7/7
  3239 | D:5      | Noticed an ogre
  3247 | D:5      | Mangled by an ogre

Illustrated notes

Levels and vault maps discovered:
D:1:      minmay_arrival_solitary_statue, layout_loops_ring, serial_shops, shop,
          ebering_ecumenical_altar_abandoned
D:2:      layout_basic, basic_altar
D:3:      layout_loops_ring, mainiacjoe_overflow_catwalk,
          nicolae_qazlal_general_emergency, lemuel_crystal_altar, serial_shops,
          nicolae_lakefront_shop, shop, nicolae_shop_mannequins,
          corner_web_ring, hex_medium
D:4:      layout_loops_ring, general_overflow_altar,
          nicolae_overflow_hidden_temple, pf_just_have_faith
D:5:      layout_layer_cave, mainiacjoe_overflow_boulevard, serial_shops,
          nicolae_shop_waterfront

Skill      XL: |  1  2  3  4 |
---------------+-------------+-----
Invocations    | 1 |  1.6
Short Blades   | 1 |  1.4
Long Blades    | 1 |  1.4
Maces & Flails | 1 |  1.4
Polearms       | 1 |  1.4
Staves         | 1 |  1.4
Ranged Weapons | 1 |  1.4
Throwing       | 1 |  1.4
Armour         | 1 |  1.4
Stealth        | 1 |  1.4
Shields        | 1 |  1.4
Unarmed Combat | 1 |  1.4
Spellcasting   | 1 |  1.4
Evocations     | 1 |  1.4
Shapeshifting  | 1 |  1.3
Conjurations   | 1 |  1.1
Hexes          | 1 |  1.1
Summonings     | 1 |  1.1
Necromancy     | 1 |  1.1
Translocations | 1 |  1.1
Fire Magic     | 1 |  1.1
Ice Magic      | 1 |  1.1
Air Magic      | 1 |  1.1
Earth Magic    | 1 |  1.1
Alchemy        | 1 |  1.1
Fighting       | |  6.7
Axes           | |  6.7
Dodging        | |  6.7

Action                     |  1- 3 |  4- 6 || total
---------------------------+-------+-------++-------
  Melee: Hand axe          |   109 |    82 ||   191
         Bite              |    11 |    14 ||    25
    Use: Scroll            |     2 |     3 ||     5
 Armour: Robe              |     5 |       ||     5
         Chain mail        |    65 |    58 ||   123
         Leather armour    |     2 |       ||     2
         Plate armour      |       |    12 ||    12
  Dodge: Dodged            |    51 |    23 ||    74
